 Dungeon Crawl Stone Soup version 0.29.1-2-gbd0b4ee654 (webtiles) character file.

Game seed: 14861114768101656575

970 adizb the Reanimator (level 7, -3/46 HPs)
             Began as a Mummy Necromancer on Oct 26, 2022.
             Was a High Priest of Cheibriados.
             Slain by a wight
             ... wielding a +1 long sword of freezing
              (5 damage)
             ... on level 7 of the Dungeon.
             The game lasted 00:27:33 (4559 turns).

adizb the Reanimator (Mummy Necromancer)            Turns: 4559, Time: 00:27:33

Health: -3/46      AC:  8    Str: 24    XL:     7   Next: 94%
Magic:  16/16      EV: 28    Int: 34    God:    Cheibriados [*****.]
Gold:   372        SH:  0    Dex: 27    Spells: 14/18 levels left

rFire   x . .      SeeInvis .   d - +2 whip (venom)
rCold   + + .      Faith    .   (no shield)
rNeg    + + +      Spirit   .   k - +2 robe {rC+}
rPois   ∞          Reflect  .   l - +1 hat
rElec   .          Harm     .   f - +1 cloak of Orphuk {Int+6 Dex+3 Slay+5}
rCorr   .          Rampage  .   (no gloves)
Will    .....                   a - +0 pair of boots
Stlth   +++.......              m - amulet of the acrobat
HPRegen 0.15/turn               (no ring)
MPRegen 0.15/turn               (no ring)

@: acrobatic, very slow
A: cold resistance 1, negative energy resistance 3, torment resistance 2, heat
vulnerability 1, in touch with death 1, no potions
a: Renounce Religion, Bend Time, Temporal Distortion, Slouch, Step From Time


You were on level 7 of the Dungeon.
You worshipped Cheibriados.
Cheibriados was extremely pleased with you.
You visited 1 branch of the dungeon, and saw 7 of its levels.
You also visited: Ossuary.

You collected 693 gold pieces.
You spent 321 gold pieces at shops.

Inventory:

Hand Weapons
 d - a +2 whip of venom (weapon)
Armour
 a - a +0 pair of boots (worn)
 f - the +1 cloak of Orphuk (worn) {Int+6 Dex+3 Slay+5}
   (You acquired it on level 5 of the Dungeon)

   Int:       It affects your intelligence (+6).
   Dex:       It affects your dexterity (+3).
   Slay:      It affects your accuracy & damage with ranged weapons and melee
   (+5).
 k - a +2 robe of cold resistance (worn)
 l - a +1 hat (worn)
Jewellery
 m - an amulet of the acrobat (around neck)
Scrolls
 b - 2 scrolls of magic mapping {unknown}
 c - 2 scrolls of amnesia {unknown}
 e - 2 scrolls of silence {unknown}
 h - a scroll of teleportation
 i - a scroll of blinking
 n - a scroll of fog
 o - 3 scrolls of enchant weapon
 p - a scroll of torment {unknown}


   Skills:
 - Level 1.5 Dodging
 - Level 1.5 Stealth
 + Level 6.4 Spellcasting
 * Level 8.1 Necromancy
 + Level 2.5 Invocations


You had 14 spell levels left.
You knew the following spells:

 Your Spells              Type           Power      Damage    Failure   Level
a - Necrotise             Necr           100%       1d9       1%          1
b - Vampiric Draining     Necr           79%        2d11      1%          3

Your spell library contained the following spells:

 Spells                   Type           Power      Damage    Failure   Level
 Animate Dead             Necr           79%        N/A       1%          4
 Sting                    Tmut/Pois      40%        1d5       3%          1
 Agony                    Necr           79%        N/A       3%          5
 Ignite Poison            Fire/Tmut/Pois 10%        N/A       12%         3
 Olgreb's Toxic Radiance  Pois           10%        N/A       36%         4
 Alistair's Intoxication  Tmut/Pois      6%         N/A       71%         5


Dungeon Overview and Level Annotations

Branches:
Dungeon (7/15)            Ossuary (visited)
 Temple: D:4-7

Altars:
Cheibriados
Kikubaaqudgha
Nemelex Xobeh
Ru
Uskayaw

Shops:
D:4 [


Innate Abilities, Weirdness & Mutations

You are immune to poison.
Your flesh is cold resistant. (rC+)
You are immune to negative energy. (rN+++)
You are immune to unholy pain and torment.
You are vulnerable to heat. (rF-)
You are in touch with the powers of death.
You do not drink.


Message History

A wight comes into view. It is wielding a +4 war axe.
Aiming: Vampiric Draining (safe; 1% risk of failure)
Press: ? - help, Q - select action, (/) - cycle Shift-Dir - straight line, f - centaur
Aim: a centaur (asleep)
You feel a surge of power!
You draw life force from the centaur!!
You kill the centaur!
Cheibriados thoroughly appreciates the change of pace.
You feel life coursing into your body!
You see here a +0 shortbow.
You completely miss the wight.
A wight comes into view.
It is wielding a +1 long sword of freezing.
The wight hits you with a +4 war axe!
You hit the wight.
The wight is moderately damaged.
The wight hits you with a +4 war axe! x2
You closely miss the wight.
The wight is moderately damaged.
The wight barely misses you. The wight misses you.
You see here a +0 shortbow.
The wight hits you with a +4 war axe. The wight attacks as you move away!
The wight misses you.
A wight comes into view. It is wielding a +0 halberd.
The wight attacks as you move away! The wight completely misses you.
The wight hits you with a +1 long sword of freezing!
* * * LOW HITPOINT WARNING * * *
The wight freezes you.
* * * LOW HITPOINT WARNING * * *
The wight attacks as you move away! The wight completely misses you.
The wight misses you. x2
The wight misses you. The wight barely misses you.
There is an escape hatch in the floor here.
The wight barely misses you. The wight misses you.
You slide downwards.
The hatch slams shut behind you.
Found 7 gold pieces.
The wight attacks as you move away! The wight hits you with a +4 war axe.
* * * LOW HITPOINT WARNING * * *
The wight barely misses you. The wight completely misses you.
The wight hits you with a +1 long sword of freezing.
You die...

..# #.#
#.# ..#
#.# #.#
#.#
.##.####z#
.......@z#
.##.####.#
.K# #.#
#K# .K#
#.# .#


You could see a kobold brigand (asleep), 2 wights and 2 kobolds.

Vanquished Creatures
  A centaur (D:6)
  3 elf zombies (Ossuary)
  3 scorpions
  A wight (D:6)
  A centaur zombie (Ossuary)
  A hound (D:6)
  2 human zombies (Ossuary)
  An iron imp (D:3)
  2 iguanas
  3 mummies
  A gnoll (D:4)
  8 adders
  A white imp (D:6)
  An ufetubus (D:4)
  A worm (D:5)
  A dart slug (D:4)
  3 orcs
  7 ball pythons
  3 bat zombies (D:5)
  10 endoplasms
  3 giant cockroaches
  13 goblins
  11 hobgoblins
  3 jackals (D:2)
  3 quokkas
  4 bats
  5 frilled lizards
  2 goblin zombies (D:5)
  9 hobgoblin zombies (Ossuary)
  7 kobolds
  9 kobold zombies (Ossuary)
  8 orc zombies (Ossuary)
  7 rats
  7 rat zombies
145 creatures vanquished.

Vanquished Creatures (collateral kills)
  A bat (D:2)
  A goblin (D:3)
  A hobgoblin (D:1)
  2 frilled lizards
5 creatures vanquished.

Grand Total: 150 creatures vanquished

Notes
Turn   | Place    | Note
-------+----------+-------------------------------------------
     0 | D:1      | adizb the Mummy Necromancer began the quest for the Orb.
     0 | D:1      | Reached XP level 1. HP: 13/13 MP: 4/4
   127 | D:1      | Found a faded altar of an unknown god.
   137 | D:1      | Reached XP level 2. HP: 5/19 MP: 0/6
   180 | D:1      | Prayed at the altar of an unknown god.
   180 | D:1      | Became a worshipper of Cheibriados the Contemplative
   180 | D:1      | Reached * piety under Cheibriados
   516 | D:2      | Gained mutation: You are in touch with the powers of death.
                  | [Mummy growth]
   516 | D:2      | Reached XP level 3. HP: 24/24 MP: 4/7
   523 | D:2      | Learned a level 3 spell: Vampiric Draining
   549 | D:2      | Reached ** piety under Cheibriados
   619 | D:2      | Reached skill level 5 in Necromancy
   925 | D:2      | Reached XP level 4. HP: 30/30 MP: 6/9
  1053 | D:3      | Found a sacrificial altar of Ru.
  1225 | D:3      | Reached *** piety under Cheibriados
  1261 | D:3      | Found a snail-covered altar of Cheibriados.
  1424 | D:3      | Found a sparkling altar of Nemelex Xobeh.
  1721 | D:4      | Noticed a scorpion
  1726 | D:4      | Killed a scorpion
  1727 | D:4      | Reached skill level 6 in Necromancy
  1727 | D:4      | Reached XP level 5. HP: 35/35 MP: 9/11
  1889 | D:4      | Reached XP level 6. HP: 33/41 MP: 2/13
  1920 | D:4      | Reached skill level 5 in Spellcasting
  1949 | D:4      | Reached **** piety under Cheibriados
  2042 | D:4      | Found Aryol's Antique Armour Boutique.
  2050 | D:4      | Bought an embroidered robe for 111 gold pieces
  2050 | D:4      | Bought a runed hat for 210 gold pieces
  2340 | D:4      | Found a hide-covered altar of Uskayaw.
  2519 | D:5      | Entered Level 5 of the Dungeon
  2709 | D:5      | Found a sand-covered staircase.
  2721 | Ossuary  | Entered an ossuary
  2840 | Ossuary  | Reached ***** piety under Cheibriados
  2907 | Ossuary  | Reached skill level 7 in Necromancy
  3185 | Ossuary  | Reached skill level 1 in Invocations
  3185 | Ossuary  | Reached XP level 7. HP: 6/46 MP: 15/15
  4331 | D:5      | Found an ancient bone altar of Kikubaaqudgha.
  4373 | D:5      | Got the Dissertation on Pestilence
  4420 | D:5      | Identified a scroll of acquirement
  4428 | D:5      | Acquired the +1 cloak of Orphuk {Int+6 Dex+3 Slay+5}
  4534 | D:6      | Reached skill level 8 in Necromancy
  4559 | D:7      | HP: 2/46 [wight/+4 war axe (4)]
  4559 | D:7      | Slain by a wight

Illustrated notes

Levels and vault maps discovered:
D:1:      dpeg_arrival_three_same_balls, layout_rooms,
          dreamdust_ecumenical_altar_statues, serial_glass, glass_columns_a,
          glass_columns_a, glass_columns_c, glass_columns_a, glass_columns_a,
          glass_columns_b
D:2:      minmay_spotlight, layout_rooms
D:3:      cheibrodos_greedy_goblins, layout_loops_cross, chei_slow_surprise,
          nicolae_ru_the_path_less_chosen, nemelex_dance_club_becter
D:4:      minmay_polygon_palace, layout_basic, mainiacjoe_overflow_alcove_2,
          serial_shops, nicolae_shop_trees
D:5:      layout_basic, lemuel_zombie_altar_kikubaaqudgha,
          nicolae_ossuary_entry_giza
D:6:      layout_gridville, uniq_grinder
D:7:      layout_loops_ring, nicolae_vehumet_altar_sigil,
          nicolae_dithmenos_through_a_glass_darkly,
          minmay_temple_entry_proselytizer

Skill      XL: |  1  2  3  4  5  6  7 |
---------------+----------------------+-----
Spellcasting   | 3 4 5 6 |  6.4
Necromancy     | 5 6 7 8 |  8.1
Invocations    | 1 2 |  2.5
Dodging        | |  1.5
Stealth        | |  1.5

Action                   |  1- 3 |  4- 6 |  7- 9 || total
-------------------------+-------+-------+-------++-------
Melee: Club              |    18 |       |       ||    18
       Unarmed           |     6 |       |       ||     6
       Whip              |    43 |   215 |   161 ||   419
       Punch             |       |     2 |     3 ||     5
 Cast: Necrotise         |    48 |    35 |       ||    83
       Vampiric Draining |     1 |    11 |     3 ||    15
  Use: Scroll            |       |       |     7 ||     7
 Stab: Sleeping          |     1 |     1 |     3 ||     5
Armor: Robe              |    26 |    39 |    51 ||   116
Dodge: Dodged            |    67 |   135 |   108 ||   310
